 Dungeon Crawl Stone Soup version 0.24.0-125-gc4c63601f3 (webtiles) character file.

Game seed: 6319813494283742400, levelgen mode: deterministic

1540 Peloso the Blocker (level 8, -10/70 HPs)
             Began as a Minotaur Fighter on Feb 27, 2020.
             Killed by divine providence
             ... invoked by an orc priest
              (13 damage)
             ... on level 6 of the Dungeon.
             The game lasted 00:07:54 (3603 turns).

Peloso the Blocker (Minotaur Fighter)               Turns: 3603, Time: 00:07:55

Health: -10/70     AC: 16    Str: 22    XL:     8   Next: 56%
Magic:  7/7        EV:  7    Int:  5    God:
Gold:   249        SH: 12    Dex: 11    Spells: 7/7 levels left

rFire    . . .     SeeInvis .   a - +0 long sword
rCold    . . .     Gourm    .   c - +1 shield
rNeg     . . .     Faith    .   s - +0 plate armour
rPois    +         Spirit   .   i - +1 hat
rElec    .         Reflect  .   g - +0 cloak {rPois}
rCorr    .         Harm     .   l - +0 pair of gloves
MR       .....     Rnd*Tele +   (no boots)
Stlth    ..........             (no amulet)
HPRegen  0.21/turn              h - ring of teleportation (curse)
MPRegen  0.10/turn              q - +1 ring of evasion

@: no status effects
A: retaliatory headbutt, horns 2
a: no special abilities


You were on level 6 of the Dungeon.
You were hungry.

You visited 1 branch of the dungeon, and saw 5 of its levels.
You also visited: Sewer.

You collected 249 gold pieces.

Inventory:

Hand Weapons
 a - a +0 long sword (weapon)
Armour
 b - a +0 scale mail
 c - a +1 shield (worn)
 g - a +0 cloak of poison resistance (worn)
 i - a +1 hat (worn)
 l - a +0 pair of gloves (worn)
 s - a +0 plate armour (worn)
Jewellery
 h - a cursed ring of teleportation (left hand)
 q - a +1 ring of evasion (right hand)
Wands
 r - a wand of enslavement (5)
Scrolls
 k - a scroll of enchant weapon {unknown}
 m - 3 scrolls of remove curse
 t - 2 scrolls of teleportation {unknown}
Potions
 d - 3 potions of might
 e - 3 potions of heal wounds
 n - 2 potions of curing
 o - a potion of brilliance
 p - 2 potions of flight
 u - a potion of mutation {unknown}
Comestibles
 f - 12 rations


   Skills:
 + Level 5.8 Fighting
 + Level 7.6 Long Blades
 + Level 6.4 Armour
 + Level 2.9 Dodging
 + Level 0.2 Stealth
 + Level 8.0 Shields


You had 7 spell levels left.
You didn't know any spells.
Your spell library contained the following spells:

 Spells                   Type           Power        Failure   Level  Hunger
 Corona                   Hex            #......      100%        1    ##.....
 Infusion                 Chrm           #...         100%        1    ##.....
 Ensorcelled Hibernation  Hex/Ice        #.....       100%        2    ###....
 Shroud of Golubria       Chrm/Tloc      #.....       100%        2    ###....
 Song of Slaying          Chrm           #.......     100%        2    ###....
 Confuse                  Hex            #.......     100%        3    ####...
 Dazzling Spray           Conj/Hex       #.....       100%        3    ####...
 Regeneration             Chrm/Necr      #.........   100%        3    ####...
 Spectral Weapon          Hex/Chrm       #.......     100%        3    ####...
 Tukima's Dance           Hex            #.......     100%        3    ####...


Dungeon Overview and Level Annotations

Branches:
Dungeon (6/15)              Sewer (visited)
 Temple: D:4-7

Altars:
Ashenzari
Elyvilon
Gozag
Nemelex Xobeh
Qazlal
Xom

Shops:
D:5 *


Innate Abilities, Weirdness & Mutations

You reflexively headbutt those who attack you in melee.
You have a pair of horns on your head.


Message History

The orc priest mumbles some strange prayers to Beogh against you.
Beogh smites you!
* * * LOW HITPOINT WARNING * * *
You hit the orc priest but do no damage.
Your headbutt misses the orc priest.
The orc priest hits you but does no damage.
You slash the orc priest! Your headbutt misses the orc priest.
The orc priest is heavily wounded.
The orc priest hits you but does no damage.
You closely miss the orc priest.
The orc priest is heavily wounded.
The orc priest barely misses you.
The orc priest calls down the wrath of Beogh upon you.
Beogh smites you!
* * * LOW HITPOINT WARNING * * *
You hit the orc priest. Your headbutt misses the orc priest.
The orc priest is severely wounded.
The orc priest calls down the wrath of Beogh upon you.
Beogh smites you!
You die...

......#### .........#
.........# ....o....#
.........# #'# #o# #o# #@#
#.# ## #.# ##(## #.# ##.#.##
#.# ##.#.#.## #.#
##.#.#.#.###.##############
##.#.###.#.##..............#
##.#†##.##.#.##############.#


You could see 2 orc priests.

Vanquished Creatures
  Eustachio (D:5)
  2 orc warriors (D:6)
  2 sky beasts
  A centaur (D:6)
  An ogre (D:6)
  A big kobold (Sewer)
  A bullfrog (D:6)
  4 crimson imps
  A centaur zombie (D:5)
  A quasit (D:5)
  2 hounds (D:6)
  3 orc wizards (D:5)
  Crazy Yiuf (D:5)
  2 worker ants
  2 iguanas (D:6)
  A killer bee zombie (D:5)
  A hound skeleton (D:5)
  11 adders
  2 river rats (Sewer)
  2 shadow imps
  An adder skeleton (D:5)
  A worm (D:2)
  A dart slug (D:1)
  6 leopard geckos
  14 orcs
  4 giant cockroaches
  4 goblins
  5 hobgoblins
  13 jackals
  11 kobolds
  5 bats
  3 frilled lizards
  8 rats
118 creatures vanquished.

Notes
Turn   | Place    | Note
-------+----------+-------------------------------------------
     0 | D:1      | Peloso the Minotaur Fighter began the quest for the Orb.
     0 | D:1      | Reached XP level 1. HP: 19/19 MP: 0/0
    41 | D:1      | Reached XP level 2. HP: 21/27 MP: 1/1
   159 | D:1      | Reached skill level 4 in Shields
   473 | D:2      | Reached XP level 3. HP: 26/33 MP: 2/2
   636 | D:2      | Found a sparkling altar of Nemelex Xobeh.
   684 | D:2      | Reached XP level 4. HP: 41/41 MP: 3/3
  1357 | D:3      | You fall into a shaft and drop 2 floors!
  1357 | D:5      | Entered Level 5 of the Dungeon
  1357 | D:5      | Found a stormy altar of Qazlal.
  1358 | D:5      | Noticed an air elemental
  1358 | D:5      | Noticed an earth elemental
  1358 | D:5      | Noticed a water elemental
  1358 | D:5      | Noticed a fire elemental
  1358 | D:5      | Found Kyhiniff's General Store.
  1377 | D:5      | Reached XP level 5. HP: 47/47 MP: 4/4
  1390 | D:5      | Reached skill level 5 in Shields
  1425 | D:5      | Reached skill level 5 in Fighting
  1425 | D:5      | Reached skill level 5 in Armour
  1473 | D:5      | Reached XP level 6. HP: 56/56 MP: 5/5
  1570 | D:5      | Noticed a sky beast
  1579 | D:5      | Noticed Eustachio
  1615 | D:5      | Killed Eustachio
  1615 | D:5      | Reached skill level 5 in Long Blades
  1615 | D:5      | Reached skill level 1 in Dodging
  1615 | D:5      | Reached skill level 6 in Shields
  1615 | D:5      | Reached XP level 7. HP: 25/61 MP: 6/6
  1620 | D:5      | Found a glowing drain.
  1638 | Sewer    | Entered a sewer
  1938 | Sewer    | Found a white marble altar of Elyvilon.
  2050 | D:5      | Reached skill level 7 in Shields
  2079 | D:5      | Found a white marble altar of Elyvilon.
  2176 | D:5      | Found a runed translucent door.
  2177 | D:5      | Noticed Crazy Yiuf
  2447 | D:5      | Found a shimmering altar of Xom.
  2726 | D:5      | Killed Crazy Yiuf
  2833 | D:6      | Found an opulent altar of Gozag.
  2945 | D:6      | Found a shattered altar of Ashenzari.
  2960 | D:6      | Reached XP level 8. HP: 69/69 MP: 7/7
  3354 | D:6      | Reached skill level 8 in Shields
  3602 | D:6      | HP: 2/70 [orc priest/divine providence (16)]
  3603 | D:6      | Killed from afar by an orc priest

Levels and vault maps discovered:
D:1:      co_arrival_square_in_a_square_in_a_square, layout_rooms,
          chequers_serial_rivers_micro_e
D:2:      layout_basic, st_stairs_12, chequers_mini_garden,
          nemelex_diamond_rough_becter
D:3:      layout_loops_ring, gammafunk_temple_overflow_arena,
          minmay_misc_feat_tiny, uniq_robin
D:5:      layout_loops_ring, nicolae_qazlal_style_of_elements, tgw_xom,
          gup_sewer_entry_glass, serial_shops, shop, basic_altar, first_ration,
          uniq_eustachio, uniq_crazy_yiuf_cottage
D:6:      minmay_inner_zag, layout_basic, grunt_gozag_statues,
          nicolae_ashenzari_panopticon

Skill      XL: |  1  2  3  4  5  6  7  8 |
---------------+-------------------------+-----
Armour         | 4 5 6 |  6.4
Fighting       | 4 5 |  5.8
Shields        | 4 5 6 7 8 |  8.0
Long Blades    | 3 4 5 6 7 |  7.6
Dodging        | 1 2 |  2.9
Stealth        | |  0.2

Action                   |  1- 3 |  4- 6 |  7- 9 || total
-------------------------+-------+-------+-------++-------
Melee: Long sword        |    75 |   161 |   151 ||   387
       Headbutt          |    11 |    22 |    38 ||    71
  Use: Scroll            |       |     6 |     2 ||     8
       Potion            |       |     1 |     4 ||     5
  Eat: Chunk             |       |     3 |     6 ||     9
Armor: Scale mail        |    54 |   133 |    23 ||   210
       Plate armour      |       |       |    19 ||    19
Dodge: Dodged            |    26 |    79 |    46 ||   151
Block: Shield            |    44 |   147 |    72 ||   263
       Rpst.: Long sword |     8 |    21 |    15 ||    44
